 Dungeon Crawl Stone Soup version 0.31.0-12-g77e489cdc1 (webtiles) character file.

Game seed: 6120934910212916256

1874 Minsecho the Gusty (level 9, -5/49 HPs)
             Began as a Tengu Air Elementalist on Feb 23, 2024.
             Slain by an ice beast (14 damage)
             ... on level 6 of the Dungeon.
             The game lasted 00:17:55 (5135 turns).

Minsecho the Gusty (Tengu Air Elementalist)         Turns: 5135, Time: 00:17:55

Health: -5/49      AC:  4    Str: 10    XL:     9   Next: 14%
Magic:  6/18       EV: 17    Int: 16    God:
Gold:   188        SH:  0    Dex: 23    Spells: 7/19 levels left

rFire   . . .        o - staff of conjuration
rCold   . . .        e - orb {light}
rNeg    . . .        c - +0 leather armour
rPois   .            (helmet restricted)
rElec   .            q - +0 cloak
rCorr   .            (no gloves)
SInv    .            (boots unavailable)
Will    .....        (no amulet)
Stlth   +            s - +6 ring of dexterity
HPRegen 0.28/turn    (no ring)
MPRegen 0.16/turn

%: acrobat
@: flying, glowing
A: beak, talons 3, evasive flight, acrobatic
a: no special abilities


You were on level 6 of the Dungeon.
You visited 1 branch of the dungeon, and saw 6 of its levels.

You collected 188 gold pieces.

Inventory:

Hand Weapons
 d - a +1 sling of electrocution
 v - a +0 falchion
Missiles
 y - 5 silver javelins
Armour
 a - a +0 robe
 c - a +0 leather armour (worn)
 e - an orb of light (worn)
 l - a +0 chain mail of cold resistance
 q - a +0 cloak (worn)
Magical Staves
 o - a staff of conjuration (weapon)
Jewellery
 s - a +6 ring of dexterity (left hand)
Scrolls
 i - 2 scrolls of enchant weapon {unknown}
 j - a scroll of brand weapon {unknown}
 k - a scroll of amnesia
 m - a scroll of vulnerability {unknown}
 p - 2 scrolls of torment {unknown}
 r - a scroll of enchant armour {unknown}
 u - a scroll of revelation {unknown}
 w - a scroll of poison {unknown}
 x - a scroll of fog {unknown}
Potions
 b - a potion of magic
 f - 4 potions of lignification
 g - a potion of might
 h - a potion of curing
 n - 4 potions of heal wounds


   Skills:
 * Level 2.4 Fighting
 - Level 0.7 Short Blades
 * Level 4.2 Staves
 + Level 0.5 Ranged Weapons
 + Level 3.3 Armour
 + Level 2.9 Dodging
 - Level 2.0 Stealth
 + Level 5.7 Spellcasting
 + Level 6.1 Conjurations
 * Level 3.2 Summonings
 + Level 7.8 Air Magic


You had 7 spell levels left.
You knew the following spells:

 Your Spells              Type           Power      Damage    Failure   Level
a - Shock                 Conj/Air       100%       1d9       1%          1
b - Static Discharge      Conj/Air       80%        3-7/arc   1%          2
c - Swiftness             Air            29%        N/A       2%          3
d - Airstrike             Air            14%        2d(3-19)  8%          4
e - Call Imp              Summ           28%        N/A       8%          2

Your spell library contained the following spells:

 Spells                   Type           Power      Damage    Failure   Level
 Stone Arrow              Conj/Erth      42%        3d9       16%         3
 Sublimation of Blood     Necr           4%         N/A       28%         2
 Fulminant Prism          Conj/Alch      10%        3d9       45%         4
 Iskenderun's Mystic Bla  Conj/Tloc      21%        2d6       45%         4
 Volatile Blastmotes      Fire/Tloc      8%         2d10      50%         3
 Animate Armour           Summ/Erth      18%        N/A       67%         4
 Summon Blazeheart Golem  Fire/Summ      9%         N/A       67%         4
 Orb of Destruction       Conj           18%        9d8       100%        7
 Spellforged Servitor     Conj/Summ      14%        N/A       100%        7
 Summon Hydra             Summ           7%         N/A       100%        7
 Lehudib's Crystal Spear  Conj/Erth      10%        10d4      100%        8


Dungeon Overview and Level Annotations

Branches:
Dungeon (6/15)
 Temple: D:4-7

Altars:
Gozag
Trog

Annotations:
D:3 4 runed translucent doors, Crazy Yiuf; Gadfly's ghost, amateur DsMo


Innate Abilities, Weirdness & Mutations

You have a beak for a mouth.
You have claws for feet.
Your magical flight helps you evade attacks. (EV +4)
You can magically evade attacks while moving or waiting.


Message History

The ice beast closely misses you.
You feel a surge of power!
The zap hits the ice beast!
The ice beast is heavily wounded.
The ice beast closely misses you.
You feel a surge of power!
The zap hits the ice beast but does no damage.
The ice beast is heavily wounded.
The ice beast hits you. The ice beast freezes you!
Your magical contamination has completely faded away.
You feel a surge of power!
The zap hits the ice beast but does no damage.
The ice beast is heavily wounded.
The ice beast hits you but does no damage.
You feel a surge of power!
The zap hits the ice beast.
The ice beast is severely wounded.
The ice beast completely misses you.
You feel a surge of power!
The zap hits the ice beast.
The ice beast is severely wounded.
The ice beast completely misses you.
You feel a surge of power!
The zap hits the ice beast.
The ice beast is almost dead.
The ice beast hits you but does no damage.
You feel a surge of power!
The zap hits the ice beast but does no damage.
The ice beast is almost dead.
The ice beast hits you. The ice beast freezes you!
* * * LOW HITPOINT WARNING * * *
You are too injured to fight recklessly!
Casting: Shock (safe; 1% risk of failure)
Confirm with . or Enter, or press ? or * to list all spells.
Aiming: Shock (safe; 1% risk of failure)
Press: ? - help, Shift-Dir - straight line, f/p - ice beast
Aim: an ice beast (almost dead, haloed, 82% to hit)
You feel a surge of power!
The zap hits the ice beast but does no damage.
The ice beast is almost dead.
The ice beast hits you.
* * * LOW HITPOINT WARNING * * *
The ice beast freezes you!
You die...

###................##...#
#######.....######.#..###.....##
#.........### #....##........
#........###### ##.............
#.............####.......#...###
#........####.........####.#...#
#######..# ##..###... ..>....
#..## ##...# ##.###..###.# #.##
#).@#####.##..## .# #.#
#..Y#..........# # #.#
#..##..........# #.# #..
#..........# #.# #. #..........#
#.# ## #..........# ##.#
######....##
#..##############.#.#####
#...)))..................


You could see an ice beast.

Vanquished Creatures
  Grinder (D:6)
  2 water moccasins (D:6)
  2 ice beasts
  3 ogres
  The ghost of Gadfly the Caller, an amateur MfSu (D:4)
  A phantom (D:4)
  2 bullfrogs
  3 scorpions
  A bombardier beetle (D:5)
  A jelly (D:6)
  An orc priest (D:5)
  3 hounds
  6 iguanas
  An orc wizard (D:3)
  4 gnolls (D:6)
  8 adders
  3 shadow imps
  2 ufetubi (D:5)
  A ribbon worm (D:3)
  9 orcs
  5 ball pythons
  6 endoplasms
  5 giant cockroaches
  5 goblins
  8 hobgoblins
  2 quokkas
  4 bats
  4 frilled lizards
  3 kobolds
  3 rats
100 creatures vanquished.

Notes
Turn   | Place    | Note
-------+----------+-------------------------------------------
     0 | D:1      | Minsecho the Tengu Air Elementalist began the quest for the
                  | Orb.
     0 | D:1      | Reached XP level 1. HP: 10/10 MP: 4/4
   133 | D:1      | Reached XP level 2. HP: 15/15 MP: 1/6
   211 | D:1      | You fall into a shaft and drop 1 floor!
   339 | D:2      | Reached XP level 3. HP: 14/19 MP: 0/8
   888 | D:3      | Reached XP level 4. HP: 24/24 MP: 7/9
   889 | D:3      | Reached skill level 5 in Air Magic
  1222 | D:3      | Found a faded altar of an unknown god.
  1365 | D:3      | Found a runed translucent gate.
  1365 | D:3      | Found a runed translucent gate.
  1366 | D:3      | Found a runed translucent gate.
  1368 | D:3      | Found an opulent altar of Gozag.
  1372 | D:3      | Noticed a gnoll sergeant
  1372 | D:3      | Noticed Gadfly's ghost (amateur DsMo)
  1431 | D:3      | Found a runed translucent door.
  1432 | D:3      | Noticed Crazy Yiuf
  1464 | D:3      | Noticed a scorpion
  1469 | D:3      | Learned a level 2 spell: Static Discharge
  1473 | D:3      | Learned a level 3 spell: Swiftness
  1486 | D:3      | Killed a scorpion
  1487 | D:3      | Reached skill level 1 in Armour
  1487 | D:3      | Reached XP level 5. HP: 13/28 MP: 4/10
  1736 | D:4      | Found a runed translucent door.
  1737 | D:4      | Noticed Gadfly's ghost (amateur MfSu)
  2061 | D:4      | Found a bloodstained altar of Trog.
  2209 | D:4      | Noticed a phantom
  2217 | D:4      | Killed a phantom
  2218 | D:4      | Reached XP level 6. HP: 22/33 MP: 3/12
  2670 | D:4      | Killed Gadfly's ghost
  2671 | D:4      | Reached skill level 6 in Air Magic
  2680 | D:4      | Learned a level 4 spell: Airstrike
  2765 | D:5      | Entered Level 5 of the Dungeon
  2774 | D:5      | Reached skill level 1 in Staves
  2774 | D:5      | Gained mutation: Your magical flight helps you evade
                  | attacks. (EV +4) [Tengu growth]
  2774 | D:5      | Reached XP level 7. HP: 36/37 MP: 7/13
  3210 | D:5      | Learned a level 2 spell: Call Imp
  3643 | D:5      | Reached skill level 1 in Summonings
  3762 | D:5      | Reached skill level 5 in Conjurations
  3762 | D:5      | Reached XP level 8. HP: 31/42 MP: 6/16
  4267 | D:6      | Reached skill level 5 in Spellcasting
  4445 | D:6      | Reached skill level 1 in Fighting
  4452 | D:6      | Reached skill level 7 in Air Magic
  4468 | D:6      | Noticed Grinder
  4473 | D:6      | Paralysed by Grinder for 4 turns
  4603 | D:6      | Killed Grinder
  4807 | D:6      | Reached XP level 9. HP: 48/48 MP: 10/18
  5135 | D:6      | Slain by an ice beast

Illustrated notes

Levels and vault maps discovered:
D:1:      dpeg_arrival_orchard, layout_rooms
D:2:      layout_rooms, grunt_ministairs_13, st_stairs_6
D:3:      layout_loops_ring, ebering_ghost_gozag, ebering_ecumenical_altar_rust,
          minmay_pentangle, uniq_crazy_yiuf_cottage
D:4:      layout_loops_ring, overflow_temple_1_default, gammafunk_ghost_grave,
          hangedman_decor_lopped
D:5:      layout_loops_corners, st_stairs_14
D:6:      layout_rooms, minmay_ogre_servants, uniq_grinder

Skill      XL: |  1  2  3  4  5  6  7  8  9 |
---------------+----------------------------+-----
Conjurations   | 2 3 4 5 6 |  6.1
Air Magic      | 5 6 7 |  7.8
Spellcasting   | 3 4 5 |  5.7
Armour         | 1 2 3 |  3.3
Staves         | 1 2 4 |  4.2
Summonings     | 1 2 3 |  3.2
Fighting       | 2 |  2.4
Short Blades   | |  0.7
Ranged Weapons | |  0.5
Dodging        | |  2.9
Stealth        | |  2.0

Action                     |  1- 3 |  4- 6 |  7- 9 || total
---------------------------+-------+-------+-------++-------
  Melee: Whip              |     5 |       |       ||     5
         Kick              |     6 |     2 |     1 ||     9
         Unarmed           |     3 |       |       ||     3
         Peck              |     1 |       |       ||     1
         Dagger            |     8 |       |       ||     8
         Short sword       |       |     2 |       ||     2
         Staff             |       |       |     1 ||     1
   Fire: Sling             |     5 |       |       ||     5
   Cast: Shock             |    50 |    80 |   191 ||   321
         Static Discharge  |       |     2 |       ||     2
         Swiftness         |       |       |     1 ||     1
    Use: Scroll            |       |     3 |     2 ||     5
 Armour: Leather armour    |    11 |    30 |    29 ||    70
  Dodge: Dodged            |     7 |    23 |    47 ||    77
